 Dungeon Crawl Stone Soup version 0.29.0-4-gdea44cf6ec (webtiles) character file.

Game seed: 11708399497096216313

25 qw the Chopper (level 3, -12/29 HPs)
             Began as a Barachi Chaos Knight on Sept 6, 2022.
             Mangled by a chaos spawn (14 damage)
             ... summoned by Xom
             ... on level 1 of the Dungeon.
             The game lasted 00:00:23 (551 turns).

qw the Chopper (Barachi Chaos Knight)                Turns: 551, Time: 00:00:23

Health: -12/29     AC:  5    Str: 15    XL:     3   Next: 6%
Magic:  2/2        EV: 11    Int: 12    God:
Gold:   0          SH:  0    Dex: 11    Spells: 2/2 levels left

rFire   . . .      SeeInvis .   a - +0 hand axe (chaos)
rCold   . . .      Faith    .   (no shield)
rNeg    . . .      Spirit   .   b - +2 leather armour
rPois   .          Reflect  .   (no helmet)
rElec   .          Harm     .   (no cloak)
rCorr   .          Rampage  .   (no gloves)
Will    .....                   (no boots)
Stlth   +.........              (no amulet)
HPRegen 0.09/turn               (no ring)
MPRegen 0.08/turn               (no ring)

@: unable to read, slow
A: amphibious, slowness 1, strong legs 1, +LOS, hooves 2, low MP 1, inability to
read after injury 1
a: Hop


You were on level 1 of the Dungeon.
You visited 1 branch of the dungeon, and saw 1 of its levels.


Innate Abilities, Weirdness & Mutations

You are amphibious.
You cover ground slowly.
You can hop short distances.
You have an extended range of vision and can be seen from far away.
You have hoof-like feet.
Your magical capacity is low. (-10% MP)
You occasionally lose the ability to read scrolls when taking damage.


   Skills:
 - Level 3.6 Fighting
 + Level 4.5 Axes
 - Level 2.4 Armour
 - Level 1.1 Dodging


You had 2 spell levels left.
You didn't know any spells.
Your spell library was empty.

Inventory:

Hand Weapons
 a - a +0 hand axe of chaos (weapon)
 d - a +0 club
Armour
 b - a +2 leather armour (worn)
Scrolls
 e - a scroll of identify {unknown}
 f - a scroll of brand weapon {unknown}
Miscellaneous
 c - a piece from Xom's chessboard (15/15)

Dungeon Overview and Level Annotations

Branches:
Dungeon (1/15)

Altars:


Message History

The crimson imp blinks!
The chaos spawn closely misses you.
You hit the crimson imp.
The crimson imp is moderately wounded.
You hit the bush but do no damage. You hit the bush.
Nothing appears to happen.
You hit the chaos spawn but do no damage.
You hit something but do no damage.
Nothing appears to happen.
You hit the ufetubus but do no damage.
The ufetubus closely misses you. x2; The crimson imp closely misses you.
The chaos spawn misses you.
The white imp hits the bush but does no damage.
The shadow imp summons a swarm of flies.
The white imp hits the bush.
The white imp freezes the bush.
You closely miss the crimson imp. Your kick misses the crimson imp.
The crimson imp is moderately wounded.
You hit the bush but do no damage.
You hit the chaos spawn but do no damage.
You hit something but do no damage. You closely miss the ufetubus.
You hit the bush but do no damage.
Nothing appears to happen.
The ufetubus closely misses you. The ufetubus barely misses you.
The ufetubus hits you but does no damage. x2
The white imp hits the bush but does no damage.
The crimson imp shouts, "Back with thee, thou ducking swag-bellied beggar!"
The crimson imp hits you but does no damage.
The white imp gestures at you. The puff of frost hits you!
You feel threatened and lose the ability to read scrolls!
The chaos spawn closely misses you.
You miss the ufetubus. Your kick misses the ufetubus.
The ufetubus is moderately wounded.
You hit the bush but do no damage. You barely miss the crimson imp.
You hit the bush but do no damage. You barely miss the chaos spawn.
You hit something but do no damage.
Nothing appears to happen.
You can read scrolls again.
The ufetubus closely misses you. x2; The white imp hits the bush.
The white imp freezes the bush.
The crimson imp hits you but does no damage.
The chaos spawn gores you!
You feel threatened and lose the ability to read scrolls!
You die...
Xom titters!

.#....##.#.%...................#
.......#...#P.P..........7.7#7#7
...........P.7PP...............#
#.....#....7.7777.P............#
###...#....P77 7.PP...........#
#...#...777 77..............#
##..#...777 7.7.............#
.......P.P777{7.....5.......#
........P.7P@PP##..........#
.#......P54555.....########
>.......5455.....###
.####..............#
.####...%.%......#
.....(..).%......#
..#.##..........## #.
#.?........# # #.#.$..#....#


You could see 2 chaos spawn, 2 crimson imps, 2 white imps, 2 shadow imps and 2
ufetubi.

Vanquished Creatures
  4 bats (D:1)
  3 endoplasms (D:1)
  3 goblins (D:1)
  A hobgoblin (D:1)
  4 jackals (D:1)
  3 ball pythons (D:1)
  4 frilled lizards (D:1)
22 creatures vanquished.

Vanquished Creatures (others)
  A plant (D:1)
1 creature vanquished.

Grand Total: 23 creatures vanquished

Notes
Turn   | Place    | Note
-------+----------+-------------------------------------------
     0 | D:1      | qw the Barachi Chaos Knight began the quest for the Orb.
     0 | D:1      | Reached XP level 1. HP: 18/18 MP: 1/1
     0 | D:1      | 0 ||| qw: Version: 0.1-a-107-g9ff403c
     0 | D:1      | 0 ||| qw: Game counter: 6086
     0 | D:1      | 0 ||| qw: Always use a shield: true
     0 | D:1      | 0 ||| qw: God list: Okawaru
     0 | D:1      | 0 ||| qw: Allow faded altars: false
     0 | D:1      | 0 ||| qw: Do Orc after D:15 true
     0 | D:1      | 0 ||| qw: Do second Lair branch before Depths: true
     0 | D:1      | 0 ||| qw: Lair rune preference: random
     0 | D:1      | 0 ||| qw: Plans: Normal
     0 | D:1      | 0 ||| PLANNING D:1-11
     0 | D:1      | Fell from the grace of Xom
    75 | D:1      | 75 ||| Stepping ~*~*~tactically~*~*~ (stealth).
   110 | D:1      | 110 ||| Stepping ~*~*~tactically~*~*~ (stealth).
   113 | D:1      | 113 ||| Stepping ~*~*~tactically~*~*~ (stealth).
   161 | D:1      | XOM: torment (10/18 hp)
   289 | D:1      | Reached XP level 2. HP: 18/24 MP: 2/2
   399 | D:1      | Reached skill level 4 in Axes
   452 | D:1      | 452 ||| Stepping ~*~*~tactically~*~*~ (stealth).
   453 | D:1      | 453 ||| Stepping ~*~*~tactically~*~*~ (stealth).
   454 | D:1      | 454 ||| Stepping ~*~*~tactically~*~*~ (stealth).
   471 | D:1      | Reached XP level 3. HP: 12/29 MP: 3/3
   475 | D:1      | 475 ||| Stepping ~*~*~tactically~*~*~ (stealth).
   476 | D:1      | 476 ||| Stepping ~*~*~tactically~*~*~ (stealth).
   478 | D:1      | 478 ||| Stepping ~*~*~tactically~*~*~ (stealth).
   479 | D:1      | 479 ||| Stepping ~*~*~tactically~*~*~ (stealth).
   526 | D:1      | XOM: give mutations
   526 | D:1      | Gained mutation: You occasionally lose the ability to read
                  | scrolls when taking damage. [Xom's mischief]
   526 | D:1      | Gained mutation: You have large cloven feet. [Xom's
                  | mischief]
   526 | D:1      | Gained mutation: Your magical capacity is low. (-10% MP)
                  | [Xom's mischief]
   526 | D:1      | Gained mutation: You have hoof-like feet. [Xom's mischief]
   545 | D:1      | XOM: summons 12 hostile demons
   546 | D:1      | Noticed a chaos spawn
   546 | D:1      | Noticed a hellwing
   546 | D:1      | Noticed a chaos spawn
   550 | D:1      | HP: 2/29 [white imp/puff of frost[Xom] (12)]
   551 | D:1      | Mangled by a chaos spawn

Levels and vault maps discovered:
D:1:      evilmike_arrival_crescent, layout_rooms, serial_forest,
          infiniplex_forest_lined_room_2, infiniplex_forest_clump_large,
          infiniplex_forest_straight_2, infiniplex_forest_lined_3,
          infiniplex_forest_straight_2, infiniplex_forest_lined_ring,
          infiniplex_forest_lined_room_2

Skill      XL: |  1  2 |
---------------+-------+-----
Axes           | 4 |  4.5
Fighting       | |  3.6
Armour         | |  2.4
Dodging        | |  1.1

Action                   || total
-------------------------++-------
Melee: Hand axe          ||    72
Invok: Renounce Religion ||     1
 Stab: Paralysed         ||     1
Armor: Leather armour    ||    45
Dodge: Dodged            ||    62

Table legend:
 A = Non-vault XP
 B = Vault XP
 C = Vault XP percentage of total XP
 D = Non-vault monster count
 E = Vault monster count
 F = Vault count percentage of total count
                 A         B        C        D         E       F
            +---------+---------+-------+---------+---------+-------
      Total |      37 |       0 |   0.0 |      22 |       0 |   0.0
            +---------+---------+-------+---------+---------+-------
        D:1 |      37 |       0 |   0.0 |      22 |       0 |   0.0
            +---------+---------+-------+---------+---------+-------
